 Dungeon Crawl Stone Soup version 0.21.1-1-g345015fe64 (webtiles) character file.

351 Norrik the Fighter (level 6, -8/62 HPs)
             Began as a Minotaur Fighter on Mar 17, 2018.
             Engulfed by a cloud of flame (26 damage)
             ... on level 4 of the Dungeon.
             The game lasted 00:10:02 (3082 turns).

Norrik the Fighter (Minotaur Fighter)               Turns: 3082, Time: 00:10:03

Health: -8/62      AC: 11    Str: 21    XL:     6   Next: 34%
Magic:  5/5        EV:  3    Int:  7    God:
Gold:   222        SH:  9    Dex:  9    Spells: 5/5 levels left

rFire    . . .     SeeInvis .   a - +0 trident
rCold    . . .     Gourm    .   c - +0 shield
rNeg     . . .     Faith    .   E - +0 plate armour
rPois    .         Spirit   .   (helmet restricted)
rElec    .         Reflect  .   (no cloak)
rCorr    .         Harm     .   (no gloves)
MR       .....                  (no boots)
Stlth    ..........             (no amulet)
HPRegen  0.20/turn              (no ring)
MPRegen  0.09/turn              (no ring)

@: no status effects
A: retaliatory headbutt, horns 2
a: no special abilities


You were on level 4 of the Dungeon.
You were not hungry.

You visited 1 branch of the dungeon, and saw 4 of its levels.

You collected 222 gold pieces.

Inventory:

Hand Weapons
 a - a +0 trident (weapon)
 h - a +0 hunting sling
 s - a +4 mace
 C - a +0 shortbow
Missiles
 e - 181 stones (quivered)
 o - 21 bolts
 p - 3 tomahawks
 q - 64 arrows
Armour
 b - a +0 scale mail
 c - a +0 shield (worn)
 r - a +0 pair of gloves
 y - a +1 ring mail of magic resistance
 E - a +0 plate armour (worn)
Scrolls
 k - a scroll of blinking {unknown}
 l - 3 scrolls of identify
 v - a scroll of immolation
 w - a scroll of enchant weapon {unknown}
 x - a scroll of remove curse {unknown}
 F - a scroll of fog {unknown}
Potions
 d - a potion of might
 g - a potion of ambrosia {unknown}
 i - 3 potions of curing {unknown}
 j - a potion of resistance {unknown}
 m - a potion of invisibility {unknown}
 n - a potion of lignification {unknown}
 t - a potion of degeneration {unknown}
 u - a potion of heal wounds
 z - a potion of brilliance {unknown}
 A - a potion of berserk rage {unknown}
Books
 D - a book of Minor Magic

   Spells                             Type                      Level
   a - Magic Dart                     Conjuration                  1
   b - Blink                          Translocation                2
   c - Call Imp                       Summoning                    2
   d - Slow                           Hexes                        2
   e - Conjure Flame                  Conjuration/Fire             3
   f - Mephitic Cloud                 Conjuration/Poison/Air       3
Comestibles
 f - 7 rations
 B - 9 chunks of flesh


   Skills:
 + Level 8.7 Fighting
 - Level 2.4 Polearms
 - Level 3.6 Armour
 - Level 3.6 Shields


You had 5 spell levels left.
You didn't know any spells.

Dungeon Overview and Level Annotations

Branches:
Dungeon (4/15)
 Temple: D:4-7

Altars:
Gozag
Xom

Annotations:
D:4 Sigmund


Innate Abilities, Weirdness & Mutations

You reflexively headbutt those who attack you in melee.
You have a pair of horns on your head.


Message History

As you read the scroll of immolation, it crumbles to dust.
The creatures around you are filled with an inner flame!
The giant cockroach bites you but does no damage.
Sigmund hits you with a scythe of protection.
The giant cockroach barely misses you.
You hit the giant cockroach.
The giant cockroach explodes!
The fiery explosion engulfs you!
Ouch! That really hurt!
The fiery explosion engulfs something.
The fiery explosion engulfs the orc.
The orc explodes!
Reactivating autopickup.
You feel a bit more experienced.
You are engulfed in blazing flames.
* * * LOW HITPOINT WARNING * * *
The orc wizard barely misses you. Sigmund hits you but does no damage.
You feel much better.
You are engulfed in blazing flames.
* * * LOW HITPOINT WARNING * * *
The orc wizard hits you but does no damage.
You miss the orc wizard.
You are engulfed in blazing flames.
You die...

...##########.# ...
..............# ..<
#.?# ######.### #..
#o.# #.# # #.. #..#
#.### #.. #..# #.##.
#.. #..# ##.##.
#.@###§§#######...#.
#.o@§§§§............
#.####§###.####...#.
# #.# #.# #..... #.#
#.# #..#.. #.###.#
#..)..
#.....####.##..
####...........
###.#####.###.
..............


You could see Sigmund (inner flame) and an orc wizard (inner flame).

Vanquished Creatures
  A centaur (D:4)
  A scorpion (D:2)
  An orc wizard (D:4)
  A worker ant (D:4)
  3 adders (D:2)
  5 gnolls
  An adder skeleton (D:4)
  3 worms (D:2)
  2 dart slugs (D:1)
  7 orcs
  7 giant cockroaches
  7 hobgoblins
  5 jackals (D:2)
  2 quokkas
  7 bats
  5 frilled lizards
  5 goblins
  7 kobolds
  A leopard gecko skeleton (D:4)
  9 rats
80 creatures vanquished.

Notes
Turn   | Place    | Note
-------+----------+-------------------------------------------
     0 | D:1      | Norrik the Minotaur Fighter began the quest for the Orb.
     0 | D:1      | Reached XP level 1. HP: 19/19 MP: 0/0
    56 | D:1      | Reached skill level 4 in Fighting
    83 | D:1      | Reached XP level 2. HP: 21/28 MP: 1/1
   321 | D:1      | Reached skill level 5 in Fighting
   424 | D:1      | Reached XP level 3. HP: 33/36 MP: 2/2
   884 | D:2      | Reached skill level 6 in Fighting
   884 | D:2      | Reached XP level 4. HP: 35/44 MP: 3/3
  1165 | D:2      | Reached XP level 5. HP: 47/51 MP: 4/4
  1175 | D:2      | Found an opulent altar of Gozag.
  1264 | D:2      | Reached skill level 7 in Fighting
  2166 | D:3      | Found a shimmering altar of Xom.
  2845 | D:4      | Noticed a centaur
  2876 | D:4      | Killed a centaur
  2876 | D:4      | Reached skill level 8 in Fighting
  2876 | D:4      | Reached XP level 6. HP: 37/62 MP: 5/5
  3064 | D:4      | Noticed Sigmund
  3082 | D:4      | Engulfed by a cloud of flame

Skill      XL: |  1  2  3  4  5 |
---------------+----------------+-----
Fighting       | 4 5 6 8 |  8.7
Polearms       | |  2.4
Armour         | |  3.6
Shields        | |  3.6

Action                   |  1- 3 |  4- 6 || total
-------------------------+-------+-------++-------
Melee: Trident           |    80 |   117 ||   197
       Headbutt          |    11 |    16 ||    27
 Fire: Hunting sling     |     9 |       ||     9
Throw: Stone             |     2 |     8 ||    10
  Use: Scroll            |       |     3 ||     3
       Potion            |       |     1 ||     1
  Eat: Chunk             |       |     7 ||     7
Armor: Scale mail        |    37 |    35 ||    72
       Plate armour      |       |    19 ||    19
Dodge: Dodged            |    30 |    25 ||    55
Block: Shield            |    51 |    71 ||   122
